 Dungeon Crawl Stone Soup version 0.22-a0-99-g1ac4c55 (webtiles) character file.

827 tof the Slasher (level 7, -12/62 HPs)
             Began as a Minotaur Fighter on Jan 25, 2018.
             Was an Initiate of Okawaru.
             Mangled by an orc warrior
             ... wielding a +0 battleaxe
              (29 damage)
             ... on level 6 of the Dungeon.
             The game lasted 00:08:58 (5243 turns).

tof the Slasher (Minotaur Fighter)                  Turns: 5243, Time: 00:08:59

Health: -12/62     AC:  7    Str: 20    XL:     7   Next: 64%
Magic:  6/6        EV:  9    Int:  5    God:    Okawaru [......]
Gold:   309        SH: 10    Dex: 14    Spells: 6/6 levels left

rFire    + . .     SeeInvis .   a - +0 long sword
rCold    . . .     Gourm    .   c - +0 shield
rNeg     . . .     Faith    +   x - +1 leather armour {rF+}
rPois    .         Spirit   .   (helmet restricted)
rElec    .         Reflect  .   o - scarf {cloud immunity}
rCorr    .         Harm     .   (no gloves)
MR       .....                  m - +1 pair of boots
Stlth    +.........             q - amulet of faith
HPRegen  0.20/turn              i - ring of wizardry
MPRegen  0.10/turn              y - +2 ring of dexterity

@: no status effects
A: retaliatory headbutt, horns 2
a: Renounce Religion


You were on level 6 of the Dungeon.
You worshipped Okawaru.
Okawaru was noncommittal.
You were hungry.

You visited 2 branches of the dungeon, and saw 7 of its levels.

You collected 309 gold pieces.

Inventory:

Hand Weapons
 a - a +0 long sword (weapon)
 b - a +3 hunting sling of flaming
Missiles
 g - 39 sling bullets
 u - 10 tomahawks (quivered)
 v - a throwing net {!f}
Armour
 c - a +0 shield (worn)
 m - a +1 pair of boots (worn)
 o - a scarf of cloud immunity (worn)
 t - a +0 scale mail
 x - a +1 leather armour of fire resistance (worn)
Jewellery
 i - a ring of wizardry (left hand)
 q - an amulet of faith (around neck)
 y - a +2 ring of dexterity (right hand)
 B - an uncursed ring of protection from cold {unknown}
Wands
 h - a wand of scattershot (7)
 A - a wand of disintegration (13)
Scrolls
 e - 6 scrolls of remove curse
 j - 4 scrolls of teleportation
 k - 2 scrolls of blinking
 r - a scroll of amnesia
 s - 2 scrolls of magic mapping
 w - a scroll of immolation {unknown}
Potions
 d - 3 potions of might
 l - a potion of flight {unknown}
 n - 2 potions of haste {unknown}
 p - a potion of mutation {unknown}
Comestibles
 f - 12 rations


   Skills:
 + Level 5.8 Fighting
 * Level 6.9 Long Blades
 + Level 5.8 Armour
 + Level 5.8 Shields
 + Level 1.1 Invocations


You had 6 spell levels left.
You didn't know any spells.

Dungeon Overview and Level Annotations

Branches:
Dungeon (6/15)             Temple (1/1) D:5

Altars:
Ashenzari
Cheibriados
Elyvilon
Hepliaklqana
Kikubaaqudgha
Makhleb
Nemelex Xobeh
Okawaru
Qazlal
Ru
Sif Muna
Trog
Vehumet
Xom
Yredelemnul
Zin


Innate Abilities, Weirdness & Mutations

You reflexively headbutt those who attack you in melee.
You have a pair of horns on your head.


Message History

The orc warrior is moderately wounded.
You block the orc's attack.
You closely miss the orc warrior. Your headbutt misses the orc warrior.
The orc warrior is moderately wounded.
You block the orc warrior's attack. You block the orc's attack.
You hit the orc warrior but do no damage.
The orc warrior is moderately wounded.
The orc warrior hits you but does no damage.
The orc hits you but does no damage.
You hit the orc warrior but do no damage.
The orc warrior is moderately wounded.
The orc hits you with a dagger.
* * * LOW HITPOINT WARNING * * *
You block the orc warrior's attack.
You hit the orc warrior but do no damage.
Your headbutt misses the orc warrior.
The orc warrior is moderately wounded.
You block the orc's attack.
The orc warrior hits you with a battleaxe!!
You die...

... #...#.. #<#.....# #.###.#
....#.#.#.#####.#.###.# #.# #.#
....#...#.....oo#.# #.# #.# #.#
oo..).###.o###.o#.# #.# #.# #.#
o...#.#.o.......#.###.#####.###.#
o.. #.#≈######..#.#.............#
.. #.o......#..#.#[#.######.###|
.####.##.###.#.##.#.#........# #.
.......#(# #.#..@o#.####..#### #.
####...#.# #.#..o#)....#..######.
.......#.# #.#.#.#####.#.........
##.#.###.# #.#.#.# #.#.#######.
#.#...#.# #.###.# #.#.#.....##
#.###.#.# #.....# #(#.#.###.# #..
.#.# ####### #.#...# #.# ### .
#.#######.# .# #.........#


You could see an orc warrior and an orc.

Vanquished Creatures
  An ice beast (D:5)
  A sky beast (D:5)
  A bullfrog (D:6)
  2 crimson imps (D:5)
  A hound (D:4)
  A jelly (D:5)
  An orc priest (D:6)
  Terence (D:3)
  Natasha (thrice) (D:3)
  An iguana (D:4)
  3 orc wizards
  2 worker ants (D:4)
  2 adders
  3 gnolls (D:4)
  A shadow imp (D:5)
  2 oozes (D:1)
  An adder skeleton (D:4)
  3 dart slugs
  4 worms
  2 leopard geckos
  18 orcs
  2 ball pythons
  10 bats
  5 giant cockroaches
  12 hobgoblins
  4 jackals (D:4)
  4 kobolds
  2 quokkas
  6 frilled lizards
  4 goblins
  A jackal skeleton (D:4)
  2 jackal zombies (D:5)
  4 rats
110 creatures vanquished.

Notes
Turn   | Place    | Note
-------+----------+-------------------------------------------
     0 | D:1      | tof the Minotaur Fighter began the quest for the Orb.
     0 | D:1      | Reached XP level 1. HP: 19/19 MP: 0/0
   129 | D:1      | Reached XP level 2. HP: 27/27 MP: 1/1
   187 | D:1      | Reached skill level 3 in Long Blades
   570 | D:1      | Reached XP level 3. HP: 33/33 MP: 2/2
  1330 | D:3      | Reached skill level 4 in Long Blades
  1330 | D:3      | Reached XP level 4. HP: 27/40 MP: 3/3
  1841 | D:3      | Noticed Natasha
  1845 | D:3      | Killed Natasha
  2018 | D:3      | Reached XP level 5. HP: 46/47 MP: 4/4
  2082 | D:3      | Noticed Terence
  2113 | D:3      | Killed Terence
  2474 | D:3      | Noticed Natasha
  2481 | D:3      | Killed Natasha
  2502 | D:3      | Noticed Natasha
  2516 | D:3      | Killed Natasha
  2770 | D:4      | Reached skill level 5 in Long Blades
  3093 | D:4      | Reached XP level 6. HP: 47/55 MP: 5/5
  3311 | D:4      | Found a sparkling altar of Nemelex Xobeh.
  3383 | D:4      | Reached skill level 5 in Fighting
  3383 | D:4      | Reached skill level 5 in Shields
  3530 | D:4      | Reached skill level 5 in Armour
  3798 | D:5      | Entered Level 5 of the Dungeon
  3989 | D:5      | Found a shimmering altar of Xom.
  4019 | D:5      | Noticed an ice beast
  4021 | D:5      | Killed an ice beast
  4021 | D:5      | Reached skill level 6 in Long Blades
  4021 | D:5      | Reached XP level 7. HP: 61/61 MP: 6/6
  4033 | D:5      | Found a white marble altar of Elyvilon.
  4117 | D:5      | Found a shattered altar of Ashenzari.
  4292 | D:5      | Found a staircase to the Ecumenical Temple.
  4301 | Temple   | Entered the Ecumenical Temple
  4338 | Temple   | Became a worshipper of Warmaster Okawaru
  4436 | D:6      | Found a stormy altar of Qazlal.
  4992 | D:6      | Found a sacrificial altar of Ru.
  5018 | D:5      | Reached skill level 1 in Invocations
  5243 | D:6      | Mangled by an orc warrior

Vault maps used:
D:1:      moated_graveyard_arrival
D:2:      patterned_corridor
D:3:      uniq_terence, uniq_natasha
D:4:      first_ration, nemelex_spade_bored_becter
D:5:      old_standard_altar, ashenzari_altar_1, minmay_temple_entry_fiery,
          basic_altar
D:6:      old_standard_altar, old_standard_altar, doesnt_xom_only_xom
Temple:   minmay_temple_bridge_abc

Skill      XL: |  1  2  3  4  5  6  7 |
---------------+----------------------+-----
Long Blades    | 3 4 5 6 |  6.9
Fighting       | 4 5 |  5.8
Armour         | 4 5 |  5.8
Shields        | 4 5 |  5.8
Invocations    | 1 |  1.1

Action                   |  1- 3 |  4- 6 |  7- 9 || total
-------------------------+-------+-------+-------++-------
Melee: Long sword        |    73 |   153 |    55 ||   281
       Headbutt          |    14 |    30 |    12 ||    56
 Fire: Hunting sling     |       |    21 |     7 ||    28
  Use: Scroll            |       |     9 |     2 ||    11
  Eat: Chunk             |     1 |     9 |     3 ||    13
Armor: Scale mail        |    49 |    41 |       ||    90
       Leather armour    |       |    10 |    18 ||    28
Dodge: Dodged            |    24 |    41 |    16 ||    81
Block: Shield            |    42 |    89 |    34 ||   165
       Rpst.: Long sword |     8 |    17 |     1 ||    26

Table legend:
 A = Spawn XP
 B = Non-spawn XP
 C = Spawn XP percentage of total XP
 D = Spawn monster count
 E = Non-spawn monster count
 F = Spawn count percentage of total count
 G = Total turns spent on level
                    A         B        C        D         E        F      G
               +---------+---------+-------+---------+---------+-------+---------
         Total |       0 |    1182 |   0.0 |       0 |     110 |   0.0 |  5243
               +---------+---------+-------+---------+---------+-------+---------
           D:1 |       0 |      48 |   0.0 |       0 |      20 |   0.0 |   777
           D:2 |       0 |      35 |   0.0 |       0 |      17 |   0.0 |   494
           D:3 |       0 |     239 |   0.0 |       0 |      31 |   0.0 |  1531
           D:4 |       0 |     225 |   0.0 |       0 |      18 |   0.0 |   996
           D:5 |       0 |     437 |   0.0 |       0 |      14 |   0.0 |   662
           D:6 |       0 |     198 |   0.0 |       0 |      10 |   0.0 |   711
               +---------+---------+-------+---------+---------+-------+---------
